TOP OF THE 1ST |
Houston 1837 BBC batting - Pitching for Grafton Middies : RHP Orlando De Jesús
|
Pitching: RHP Orlando De Jesús
|
|
Batting: LHB Chris Gregory
|
0-0: Called Strike 0-1: Ball 1-1: Foul Ball, location: 2F 1-2: Ball 2-2: Ball 3-2: Strikes out swinging
|
Batting: LHB José Marín
|
0-0: Called Strike 0-1: Foul Ball, location: 2F 0-2: Foul Ball, location: 2F 0-2: Ball 1-2: Ball 2-2: TRIPLE (Flyball, 8RXD)
|
Batting: RHB Kumanosuke Abe
|
0-0: Ball 1-0: Foul Ball, location: 2F 1-1: Ball 2-1: Foul Ball, location: 2F 2-2: Foul Ball, location: 2F 2-2: Ball 3-2: SINGLE (Groundball, 34D) José Marín scores
|
Batting: RHB Bob Dickerson
|
0-0: Called Strike 0-1: Foul Ball, location: 2F 0-2: Fly out, F8 (Line Drive, 8LXD)
|
Batting: RHB Tracy Parker
|
0-0: Called Strike 0-1: Called Strike 0-2: Ground out 6-3 (Groundball, 6)
|
Top of the 1st over - 1 run(s), 2 hit(s), 0 error(s), 1 left on base; Houston 1 - Grafton 0 |
BOTTOM OF THE 1ST |
Grafton Middies batting - Pitching for Houston 1837 BBC : LHP Lee Branch
|
Pitching: LHP Lee Branch
|
|
Batting: RHB Pedro Santos
|
0-0: Swinging Strike 0-1: Hit by Pitch
|
Batting: RHB Scotty Anderson
|
0-0: Ball 1-0: Called Strike 1-1: Ball 2-1: Called Strike 2-2: SINGLE (Groundball, 5L) Pedro Santos to second
|
Batting: LHB Mario Ramos
|
0-0: Ball 1-0: Ball 2-0: SINGLE (Groundball, 6MD) Pedro Santos to third Scotty Anderson to second
|
Batting: RHB Stefano Gaddi
|
0-0: Ball 1-0: Grounds into double play, 6-4-3 (Groundball, 6) Pedro Santos scores Scotty Anderson to third
|
Batting: LHB Lawrence Washington
|
0-0: Ball 1-0: Ball 2-0: Ball 3-0: Base on Balls
|
Batting: SHB Jack MacAsgill
|
0-0: Called Strike 0-1: Foul Ball, location: 2F 0-2: Fly out, F8 (Flyball, 8RXD)
|
Bottom of the 1st over - 1 run(s), 2 hit(s), 0 error(s), 2 left on base; Houston 1 - Grafton 1 |
TOP OF THE 2ND |
Houston 1837 BBC batting - Pitching for Grafton Middies : RHP Orlando De Jesús
|
Batting: RHB Bob Campbell
|
0-0: Fly out, F4 (Line Drive, 4)
|
Batting: SHB Jason Alexander
|
0-0: Ball 1-0: Foul Ball, location: 2F 1-1: Called Strike 1-2: Foul Ball, location: 2F 1-2: Strikes out swinging
|
Batting: LHB Chris Rice
|
0-0: Ball 1-0: Called Strike 1-1: Ball 2-1: SINGLE (Groundball, 34)
|
Batting: LHB Mark McClear
|
0-0: Ball 1-0: Ball 2-0: Foul Ball, location: 2F 2-1: Ball 3-1: Swinging Strike 3-2: Base on Balls Chris Rice to second
|
Batting: LHB Chris Gregory
|
0-0: Ball 1-0: Ball 2-0: Ground out U3 (Groundball, 3)
|
Top of the 2nd over - 0 run(s), 1 hit(s), 0 error(s), 2 left on base; Houston 1 - Grafton 1 |
BOTTOM OF THE 2ND |
Grafton Middies batting - Pitching for Houston 1837 BBC : LHP Lee Branch
|
Batting: RHB Dave Ash
|
0-0: Called Strike 0-1: Foul Ball, location: 2F 0-2: Foul Ball, location: 2F 0-2: Ground out 6-3 (Groundball, 6)
|
Batting: RHB Pedro Orozco
|
0-0: Swinging Strike 0-1: Ground out 6-3 (Groundball, 6M)
|
Batting: RHB Rubén Marino
|
0-0: Swinging Strike 0-1: Fly out, F9 (Flyball, 9D)
|
Bottom of the 2nd over - 0 run(s), 0 hit(s), 0 error(s), 0 left on base; Houston 1 - Grafton 1 |
TOP OF THE 3RD |
Houston 1837 BBC batting - Pitching for Grafton Middies : RHP Orlando De Jesús
|
Batting: LHB José Marín
|
0-0: Ball 1-0: SOLO HOME RUN (Flyball, 89XD), Distance : 421 ft
|
Batting: RHB Kumanosuke Abe
|
0-0: Ball 1-0: Ball 2-0: Ball 3-0: Base on Balls
|
Batting: RHB Bob Dickerson
|
0-0: Called Strike 0-1: Ball 1-1: Ball 2-1: Ball 3-1: Base on Balls Kumanosuke Abe to second
|
Batting: RHB Tracy Parker
|
0-0: Fly out, F8 (Flyball, 8LD) Runner from 2nd tags up, SAFE at 3rd, no throw
|
Batting: RHB Bob Campbell
|
0-0: Called Strike 0-1: Ball 1-1: Ball 2-1: Swinging Strike 2-2: Ball 3-2: Strikes out looking Bob Dickerson steals 2nd base Batter strikes out.
|
Batting: SHB Jason Alexander
|
0-0: Called Strike 0-1: Ball 1-1: SINGLE (Line Drive, 4MD) Kumanosuke Abe scores Bob Dickerson to third Runner from 3rd tries for Home, SAFE, no throw or cutoff
|
Batting: LHB Chris Rice
|
0-0: Called Strike 0-1: Swinging Strike 0-2: Ball 1-2: Foul Ball, location: 2F 1-2: SINGLE (Line Drive, 34D) Jason Alexander to second
|
Batting: LHB Mark McClear
|
0-0: Ball 1-0: Called Strike 1-1: Foul Ball, location: 2F 1-2: Ball 2-2: SINGLE (Groundball, 34S) Jason Alexander to third Chris Rice to second Runner from 3rd tries for Home, SAFE, throw made home
|
Batting: LHB Chris Gregory
|
0-0: Called Strike 0-1: Ball 1-1: SINGLE (Groundball, 25) (infield hit) Chris Rice to third Mark McClear to second
|
Batting: LHB José Marín
|
0-0: Ball 1-0: Ball 2-0: Foul Ball, location: 2F 2-1: Ball 3-1: Base on Balls Chris Rice scores Mark McClear to third Chris Gregory to second
|
Pitching: RHP Domingo Álvarez
|
|
Batting: RHB Kumanosuke Abe
|
0-0: Foul Ball, location: 2F 0-1: Ball 1-1: Ball 2-1: Ball 3-1: Foul Ball, location: 2F 3-2: Foul Ball, location: 2F 3-2: Fly out, F2 (Popup, 2LF)
|
Top of the 3rd over - 5 run(s), 5 hit(s), 0 error(s), 3 left on base; Houston 6 - Grafton 1 |
BOTTOM OF THE 3RD |
Grafton Middies batting - Pitching for Houston 1837 BBC : LHP Lee Branch
|
Batting: RHB Pedro Santos
|
0-0: Ball 1-0: Foul Ball, location: 2F 1-1: Ball 2-1: Fly out, F8 (Flyball, 8RD)
|
Batting: RHB Scotty Anderson
|
0-0: Ground out 4-3 (Groundball, 4)
|
Batting: LHB Mario Ramos
|
0-0: Called Strike 0-1: SINGLE (Line Drive, 56)
|
Batting: RHB Stefano Gaddi
|
0-0: Called Strike 0-1: Ball 1-1: Foul Ball, location: 2F 1-2: Foul Ball, location: 2F 1-2: 2-RUN HOME RUN (Flyball, 89XD), Distance : 422 ft
|
Batting: LHB Lawrence Washington
|
0-0: Swinging Strike 0-1: Fly out, F8 (Line Drive, 8LM)
|
Bottom of the 3rd over - 2 run(s), 2 hit(s), 0 error(s), 0 left on base; Houston 6 - Grafton 3 |
TOP OF THE 4TH |
Houston 1837 BBC batting - Pitching for Grafton Middies : RHP Domingo Álvarez
|
Batting: RHB Bob Dickerson
|
0-0: Called Strike 0-1: Called Strike 0-2: Ball 1-2: Ball 2-2: Ball 3-2: Base on Balls
|
Batting: RHB Tracy Parker
|
0-0: Called Strike 0-1: SINGLE (Groundball, 4MD) Bob Dickerson to second
|
Batting: RHB Bob Campbell
|
0-0: Ball 1-0: Called Strike 1-1: Foul Ball, location: 2F 1-2: Ball 2-2: Foul Ball, location: 2F 2-2: Foul Ball, location: 2F 2-2: Grounds into double play, 6-4-3 (Groundball, 6) Bob Dickerson to third
|
Batting: SHB Jason Alexander
|
0-0: Ball 1-0: Foul Ball, location: 2F 1-1: Ball 2-1: Called Strike 2-2: Strikes out swinging
|
Top of the 4th over - 0 run(s), 1 hit(s), 0 error(s), 1 left on base; Houston 6 - Grafton 3 |
BOTTOM OF THE 4TH |
Grafton Middies batting - Pitching for Houston 1837 BBC : LHP Lee Branch
|
Batting: SHB Jack MacAsgill
|
0-0: Ground out 6-3 (Groundball, 6M)
|
Batting: RHB Dave Ash
|
0-0: Called Strike 0-1: Ball 1-1: Called Strike 1-2: Foul Ball, location: 2F 1-2: Foul Ball, location: 2F 1-2: SINGLE (Flyball, 8RS)
|
Batting: RHB Pedro Orozco
|
0-0: Ball 1-0: Called Strike 1-1: Called Strike 1-2: Foul Ball, location: 2F 1-2: Fly out, F3 (Popup, 3DF)
|
Batting: RHB Rubén Marino
|
0-0: Ball 1-0: Ball 2-0: Fielders Choice at 2nd, 5-4 (Groundball, 5)
|
Bottom of the 4th over - 0 run(s), 1 hit(s), 0 error(s), 0 left on base; Houston 6 - Grafton 3 |
TOP OF THE 5TH |
Houston 1837 BBC batting - Pitching for Grafton Middies : RHP Domingo Álvarez
|
Batting: LHB Chris Rice
|
0-0: Foul Ball, location: 2F 0-1: Called Strike 0-2: Ground out 4-3 (Groundball, 4)
|
Batting: LHB Mark McClear
|
0-0: Fly out, F7 (Flyball, 7LM)
|
Batting: LHB Chris Gregory
|
0-0: Ball 1-0: Ball 2-0: Swinging Strike 2-1: SINGLE (Groundball, 4MD)
|
Batting: LHB José Marín
|
0-0: Ball 1-0: Ball 2-0: Called Strike 2-1: Called Strike 2-2: Foul Ball, location: 2F 2-2: Ball 3-2: Ground out U3 (Groundball, 3L)
|
Top of the 5th over - 0 run(s), 1 hit(s), 0 error(s), 1 left on base; Houston 6 - Grafton 3 |
BOTTOM OF THE 5TH |
Grafton Middies batting - Pitching for Houston 1837 BBC : LHP Lee Branch
|
Batting: RHB Pedro Santos
|
0-0: Ball 1-0: Ball 2-0: Foul Ball, location: 2F 2-1: Ball 3-1: Foul Ball, location: 2F 3-2: Ground out 6-3 (Groundball, 6)
|
Batting: RHB Scotty Anderson
|
0-0: Called Strike 0-1: Called Strike 0-2: Foul Ball, location: 2F 0-2: Ball 1-2: Foul Ball, location: 2F 1-2: Foul Ball, location: 2F 1-2: SINGLE (Groundball, 56D)
|
Batting: LHB Mario Ramos
|
0-0: SINGLE (Flyball, 7S) Scotty Anderson to second
|
Batting: RHB Stefano Gaddi
|
0-0: Called Strike 0-1: Fly out, F8 (Flyball, 8LS)
|
Batting: LHB Lawrence Washington
|
0-0: Called Strike 0-1: Ball 1-1: Ball 2-1: SINGLE (Line Drive, 6M) Scotty Anderson to third Mario Ramos to second
|
Batting: SHB Jack MacAsgill
|
0-0: Ball 1-0: Ball 2-0: Called Strike 2-1: Ball 3-1: Base on Balls Scotty Anderson scores Mario Ramos to third Lawrence Washington to second
|
Batting: RHB Dave Ash
|
0-0: Called Strike 0-1: Ground out 6-3 (Groundball, 6)
|
Bottom of the 5th over - 1 run(s), 3 hit(s), 0 error(s), 3 left on base; Houston 6 - Grafton 4 |
TOP OF THE 6TH |
Houston 1837 BBC batting - Pitching for Grafton Middies : RHP Domingo Álvarez
|
Batting: RHB Kumanosuke Abe
|
0-0: Ball 1-0: Ball 2-0: Called Strike 2-1: Called Strike 2-2: Foul Ball, location: 2F 2-2: Ground out 5-3 (Groundball, 5)
|
Batting: RHB Bob Dickerson
|
0-0: DOUBLE (Line Drive, 89D)
|
Pitching: RHP George Ricker
|
|
Batting: RHB Tracy Parker
|
0-0: Called Strike 0-1: Called Strike 0-2: SINGLE (Groundball, 6MD) (infield hit) Bob Dickerson to third
|
Batting: RHB Bob Campbell
|
0-0: Ball 1-0: Called Strike 1-1: Ball 2-1: Foul Ball, location: 2F 2-2: SINGLE (Groundball, 6M) Bob Dickerson scores Tracy Parker to second
|
Batting: SHB Jason Alexander
|
0-0: Ball 1-0: Fly out, F7 (Flyball, 78D)
|
Batting: LHB Chris Rice
|
0-0: Foul Ball, location: 2F 0-1: Ball 1-1: Called Strike 1-2: SINGLE (Groundball, 4MD) Tracy Parker to third Bob Campbell to second Runner from 3rd tries for Home, SAFE, throw made home
|
Batting: LHB Mark McClear
|
0-0: Called Strike 0-1: Called Strike 0-2: Ball 1-2: Foul Ball, location: 2F 1-2: Foul Ball, location: 2F 1-2: Fly out, F8 (Flyball, 8RM)
|
Top of the 6th over - 2 run(s), 4 hit(s), 0 error(s), 2 left on base; Houston 8 - Grafton 4 |
BOTTOM OF THE 6TH |
Grafton Middies batting - Pitching for Houston 1837 BBC : LHP Lee Branch
|
Batting: RHB Pedro Orozco
|
0-0: Ground out 5-3 (Groundball, 5S)
|
Batting: RHB Rubén Marino
|
0-0: Ball 1-0: Swinging Strike 1-1: Foul Ball, location: 2F 1-2: Ball 2-2: Foul Ball, location: 2F 2-2: Ball 3-2: Foul Ball, location: 2F 3-2: Base on Balls
|
Pitching: RHP Francisco García
|
|
Batting: RHB Pedro Santos
|
0-0: Ball 1-0: Called Strike Throwing error on steal attempt, E2 Rubén Marino to third 1-1: Ball 2-1: Ball 3-1: Base on Balls
|
Batting: RHB Scotty Anderson
|
0-0: Ball 1-0: Called Strike 1-1: Ball 2-1: Swinging Strike 2-2: Foul Ball, location: 2F 2-2: SINGLE (Line Drive, 4MD) Rubén Marino scores Pedro Santos to second
|
Batting: LHB Mario Ramos
|
0-0: Called Strike 0-1: Ball 1-1: Foul Ball, location: 2F 1-2: Fly out, F7 (Popup, 56D)
|
Batting: RHB Stefano Gaddi
|
0-0: Ball 1-0: Called Strike 1-1: Foul Ball, location: 2F 1-2: Strikes out swinging
|
Bottom of the 6th over - 1 run(s), 1 hit(s), 1 error(s), 2 left on base; Houston 8 - Grafton 5 |
TOP OF THE 7TH |
Houston 1837 BBC batting - Pitching for Grafton Middies : RHP George Ricker
|
Batting: LHB Chris Gregory
|
0-0: SOLO HOME RUN (Flyball, 9D), Distance : 372 ft
|
Batting: LHB José Marín
|
0-0: Ball 1-0: Swinging Strike 1-1: Ball 2-1: SINGLE (Groundball, 4MD)
|
Batting: RHB Kumanosuke Abe
|
0-0: Ball 1-0: Ball 2-0: Called Strike 2-1: Foul Ball, location: 2F 2-2: Strikes out swinging
|
Batting: RHB Bob Dickerson
|
0-0: Called Strike 0-1: Ball 1-1: Called Strike 1-2: Ground out 4-3 (Groundball, 13) José Marín to second
|
Batting: RHB Tracy Parker
|
0-0: Ball 1-0: Called Strike 1-1: Foul Ball, location: 2F 1-2: Foul Ball, location: 2F 1-2: Fly out, F9 (Line Drive, 9S)
|
Top of the 7th over - 1 run(s), 2 hit(s), 0 error(s), 1 left on base; Houston 9 - Grafton 5 |
BOTTOM OF THE 7TH |
Grafton Middies batting - Pitching for Houston 1837 BBC : RHP Francisco García
|
Batting: LHB Lawrence Washington
|
0-0: Ball 1-0: Ball 2-0: Fly out, F8 (Flyball, 8LM)
|
Batting: SHB Jack MacAsgill
|
0-0: Called Strike 0-1: Fly out, F4 (Popup, 89S)
|
Batting: RHB Dave Ash
|
0-0: Ball 1-0: Called Strike 1-1: Fly out, F8 (Flyball, 8RS)
|
Bottom of the 7th over - 0 run(s), 0 hit(s), 0 error(s), 0 left on base; Houston 9 - Grafton 5 |
TOP OF THE 8TH |
Houston 1837 BBC batting - Pitching for Grafton Middies : RHP George Ricker
|
Batting: RHB Bob Campbell
|
0-0: Foul Ball, location: 2F 0-1: Swinging Strike 0-2: TRIPLE (Line Drive, 89D)
|
Batting: SHB Jason Alexander
|
0-0: Ball 1-0: Foul Ball, location: 2F 1-1: 2-RUN HOME RUN (Line Drive, 8RXD), Distance : 437 ft
|
Pitching: RHP Darwin von Loen
|
|
Batting: LHB Chris Rice
|
0-0: Swinging Strike 0-1: Ball 1-1: Ball 2-1: Called Strike 2-2: Foul Ball, location: 2F 2-2: Strikes out swinging
|
Batting: LHB Mark McClear
|
0-0: Foul Ball, location: 2F 0-1: Foul Ball, location: 2F 0-2: Foul Ball, location: 2F 0-2: Ball 1-2: Fly out, F9 (Flyball, 89S)
|
Batting: LHB Chris Gregory
|
0-0: Called Strike 0-1: Swinging Strike 0-2: Ball 1-2: Strikes out swinging
|
Top of the 8th over - 2 run(s), 2 hit(s), 0 error(s), 0 left on base; Houston 11 - Grafton 5 |
BOTTOM OF THE 8TH |
Grafton Middies batting - Pitching for Houston 1837 BBC : RHP Francisco García
|
Batting: RHB Pedro Orozco
|
0-0: Called Strike 0-1: Called Strike 0-2: Foul Ball, location: 2F 0-2: Ball 1-2: Strikes out looking
|
Batting: RHB Rubén Marino
|
0-0: Called Strike 0-1: Ball 1-1: Swinging Strike 1-2: Strikes out swinging
|
Batting: RHB Pedro Santos
|
0-0: Foul Ball, location: 2F 0-1: Ball 1-1: Ball 2-1: Called Strike 2-2: Ground out 1-3 (Groundball, 15)
|
Bottom of the 8th over - 0 run(s), 0 hit(s), 0 error(s), 0 left on base; Houston 11 - Grafton 5 |
TOP OF THE 9TH |
Houston 1837 BBC batting - Pitching for Grafton Middies : RHP Darwin von Loen
|
Batting: LHB José Marín
|
0-0: Called Strike 0-1: Called Strike 0-2: Ball 1-2: Strikes out swinging
|
Batting: RHB Kumanosuke Abe
|
0-0: Ball 1-0: Ball 2-0: Ball 3-0: Base on Balls
|
Batting: RHB Bob Dickerson
|
0-0: Ball 1-0: Ball 2-0: 2-RUN HOME RUN (Flyball, 8LXD), Distance : 434 ft
|
Batting: RHB Tracy Parker
|
0-0: Called Strike 0-1: Fly out, F9 (Flyball, 89M)
|
Batting: RHB Bob Campbell
|
0-0: Ball 1-0: Called Strike 1-1: Foul Ball, location: 2F 1-2: Ball 2-2: Foul Ball, location: 2F 2-2: Fly out, F9 (Flyball, 9M)
|
Top of the 9th over - 2 run(s), 1 hit(s), 0 error(s), 0 left on base; Houston 13 - Grafton 5 |
BOTTOM OF THE 9TH |
Grafton Middies batting - Pitching for Houston 1837 BBC : RHP Francisco García
|
Batting: RHB Scotty Anderson
|
0-0: Foul Ball, location: 2F 0-1: Called Strike 0-2: Ball 1-2: Strikes out swinging
|
Batting: LHB Mario Ramos
|
0-0: Called Strike 0-1: Ground out 6-3 (Groundball, 6)
|
Batting: RHB Stefano Gaddi
|
0-0: Called Strike 0-1: Called Strike 0-2: Ball 1-2: SINGLE (Groundball, 34D)
|
Batting: LHB Lawrence Washington
|
0-0: Called Strike 0-1: Fly out, F7 (Popup, 6D)
|
Bottom of the 9th over - 0 run(s), 1 hit(s), 0 error(s), 1 left on base; Houston 13 - Grafton 5 |
|